| TOP OF THE 1ST |
|
Watertown Bucks batting - Pitching for Aberdeen Pheasants : RHP Raul Ortiz
|
|
Pitching: RHP Raul Ortiz
|
|
|
Batting: LHB Manuel Vigil
|
0-0: Ball 1-0: Foul Ball, location: 2F 1-1: Foul Ball, location: 2F 1-2: Strikes out looking
|
|
Batting: RHB Richard Plautz
|
0-0: Ball 1-0: SINGLE (Groundball, 56D, EV 103.1 MPH)
|
|
Batting: RHB Randy Hunt
|
0-0: Ball 1-0: Called Strike 1-1: Ball 2-1: Ball 3-1: Base on Balls Richard Plautz to second
|
|
Batting: LHB Greg Guin
|
0-0: Ball 1-0: Foul Ball, location: 2F 1-1: Ball Richard Plautz steals 3rd base Randy Hunt to second 2-1: DOUBLE (Line Drive, 9LM, EV 106.3 MPH) Richard Plautz scores Randy Hunt scores
|
|
Batting: RHB Eugene Cattane
|
0-0: Swinging Strike 0-1: Called Strike 0-2: Ball 1-2: Ball 2-2: Foul Ball, location: 2F 2-2: SINGLE (Line Drive, 9LM, EV 106.9 MPH) Greg Guin to third
|
|
Batting: SHB Bruce Hines
|
0-0: Called Strike 0-1: Foul Ball, location: 2F 0-2: Strikes out swinging
|
|
Batting: RHB Bob Volk
|
0-0: Ball 1-0: Called Strike 1-1: Swinging Strike 1-2: Foul Ball, location: 2F 1-2: Foul Ball, location: 2F 1-2: Ball 2-2: Strikes out swinging
|
| Top of the 1st over - 2 runs, 3 hits, 0 errors, 2 left on base; Watertown 2 - Aberdeen 0 |
| BOTTOM OF THE 1ST |
|
Aberdeen Pheasants batting - Pitching for Watertown Bucks : RHP Tony Valenzuela
|
|
Pitching: RHP Tony Valenzuela
|
|
|
Batting: SHB Stephen Moore
|
0-0: Called Strike 0-1: Swinging Strike 0-2: Foul Ball, location: 2F 0-2: Foul Ball, location: 2F 0-2: Ball 1-2: Ground out 4-3 (Groundball, 4, EV 96.3 MPH)
|
|
Batting: RHB Alejandro Luna
|
0-0: Called Strike 0-1: Ball 1-1: Ground out 6-3 (Groundball, 6M, EV 111.9 MPH)
|
|
Batting: LHB Bob Porter
|
0-0: Called Strike 0-1: Ground out U3 (Groundball, 34, EV 91.3 MPH)
|
| Bottom of the 1st over - 0 runs, 0 hits, 0 errors, 0 left on base; Watertown 2 - Aberdeen 0 |
| TOP OF THE 2ND |
|
Watertown Bucks batting - Pitching for Aberdeen Pheasants : RHP Raul Ortiz
|
|
Batting: SHB Luis Rivera
|
0-0: Called Strike 0-1: Ball 1-1: Swinging Strike 1-2: Foul Ball, location: 2F 1-2: Ball 2-2: Ball 3-2: Base on Balls
|
|
Batting: RHB Thomas Dimino
|
0-0: Swinging Strike 0-1: Ball 1-1: Swinging Strike 1-2: Strikes out swinging
|
|
Batting: LHB Manuel Vigil
|
0-0: Ball Luis Rivera steals 2nd base (no throw) 1-0: Called Strike 1-1: Ball 2-1: SINGLE (Flyball, 56D, EV 97.5 MPH) Luis Rivera to third
|
|
Batting: RHB Richard Plautz
|
0-0: Ball 1-0: Called Strike 1-1: Ball 2-1: Foul Ball, location: 2F 2-2: Ball 3-2: Base on Balls Manuel Vigil to second
|
|
Batting: RHB Randy Hunt
|
0-0: GRAND SLAM HOME RUN (Flyball, 78XD, EV 109.4 MPH), Distance : 420 ft
|
|
Batting: LHB Greg Guin
|
0-0: Ball 1-0: Ball 2-0: Foul Ball, location: 2F 2-1: Called Strike 2-2: Foul Ball, location: 2F 2-2: Ball 3-2: Foul Ball, location: 2F 3-2: Base on Balls
|
|
Pitching: RHP Lannie Cropper
|
|
|
Batting: RHB Eugene Cattane
|
0-0: Ball 1-0: Swinging Strike 1-1: Ball 2-1: Foul Ball, location: 2F 2-2: Foul Ball, location: 2F 2-2: Strikes out swinging
|
|
Batting: SHB Bruce Hines
|
0-0: Foul Ball, location: 2F 0-1: Ball 1-1: Called Strike 1-2: SINGLE (Line Drive, 8LS, EV 102.5 MPH) Greg Guin to second
|
|
Batting: RHB Bob Volk
|
0-0: Ball 1-0: Ball 2-0: Ball 3-0: Called Strike 3-1: DOUBLE (Groundball, 5L, EV 97.5 MPH) Greg Guin scores Bruce Hines to third Runner from 3rd tries for Home, SAFE, no throw by LF
|
|
Batting: SHB Luis Rivera
|
0-0: Called Strike 0-1: Fly out, F8 (Line Drive, 8LM, EV 89.4 MPH)
|
| Top of the 2nd over - 6 runs, 4 hits, 0 errors, 1 left on base; Watertown 8 - Aberdeen 0 |
| BOTTOM OF THE 2ND |
|
Aberdeen Pheasants batting - Pitching for Watertown Bucks : RHP Tony Valenzuela
|
|
Batting: RHB Thomas Masterson
|
0-0: Called Strike 0-1: Foul Ball, location: 2F 0-2: Foul Ball, location: 2F 0-2: Ball 1-2: Ball 2-2: Foul Ball, location: 2F 2-2: Ground out 6-3 (Groundball, 6, EV 100.0 MPH)
|
|
Batting: LHB Tim Thompson
|
0-0: Ball 1-0: Swinging Strike 1-1: SOLO HOME RUN (Flyball, 9D, EV 95.0 MPH), Distance : 393 ft
|
|
Batting: LHB Robert McNair
|
0-0: Swinging Strike 0-1: Foul Ball, location: 2F 0-2: Ball 1-2: Foul Ball, location: 2F 1-2: Fly out, F7 (Line Drive, 7D, EV 104.4 MPH)
|
|
Batting: RHB Pedro Chavez
|
0-0: Ball 1-0: Foul Ball, location: 2F 1-1: Ball 2-1: Ground out 4-3 (Groundball, 4M, EV 80.0 MPH)
|
| Bottom of the 2nd over - 1 run, 1 hit, 0 errors, 0 left on base; Watertown 8 - Aberdeen 1 |
| TOP OF THE 3RD |
|
Watertown Bucks batting - Pitching for Aberdeen Pheasants : RHP Lannie Cropper
|
|
Batting: RHB Thomas Dimino
|
0-0: Called Strike 0-1: Swinging Strike 0-2: Foul Ball, location: 2F 0-2: SINGLE (Line Drive, 9S, EV 91.3 MPH)
|
|
Batting: LHB Manuel Vigil
|
0-0: Called Strike 0-1: Ball 1-1: Ball 2-1: Foul Ball, location: 2F 2-2: Foul Ball, location: 2F 2-2: Ground out 4-3 (Groundball, 4M, EV 84.4 MPH) Thomas Dimino to second
|
|
Batting: RHB Richard Plautz
|
0-0: Ball 1-0: Ball 2-0: Ball 3-0: Called Strike 3-1: Foul Ball, location: 2F 3-2: Base on Balls
|
|
Batting: RHB Randy Hunt
|
0-0: Swinging Strike 0-1: Ball 1-1: Foul Ball, location: 2F 1-2: Strikes out looking
|
|
Batting: LHB Greg Guin
|
0-0: Foul Ball, location: 2F 0-1: Foul Ball, location: 2F 0-2: SINGLE (Groundball, 6MD, EV 98.1 MPH) Thomas Dimino to third Richard Plautz to second Runner from 3rd tries for Home, SAFE, throw by CF to home
|
|
Batting: RHB Eugene Cattane
|
0-0: DOUBLE (Groundball, 5L, EV 108.8 MPH) Richard Plautz scores Greg Guin to third Runner from 3rd tries for Home, SAFE, throw by LF to home
|
|
Batting: SHB Bruce Hines
|
0-0: Ball Passed Ball! Eugene Cattane to third 1-0: Foul Ball, location: 2F 1-1: Ball 2-1: SINGLE (Groundball, 6MS, EV 68.8 MPH) (infield hit) Eugene Cattane scores
|
|
Pitching: RHP Ernesto Borbon
|
|
|
Batting: RHB Bob Volk
|
0-0: SINGLE (Line Drive, 78S, EV 90.0 MPH) Bruce Hines to second
|
|
Batting: SHB Luis Rivera
|
0-0: Ball 1-0: Foul Ball, location: 2F 1-1: Ball 2-1: Ball 3-1: Called Strike 3-2: Foul Ball, location: 2F 3-2: Foul Ball, location: 2F 3-2: Base on Balls Bruce Hines to third Bob Volk to second
|
|
Batting: RHB Thomas Dimino
|
0-0: Called Strike 0-1: Foul Ball, location: 2F 0-2: Fielders Choice at 2nd, 6-4 (Groundball, 6, EV 101.3 MPH)
|
| Top of the 3rd over - 4 runs, 5 hits, 0 errors, 3 left on base; Watertown 12 - Aberdeen 1 |
| BOTTOM OF THE 3RD |
|
Aberdeen Pheasants batting - Pitching for Watertown Bucks : RHP Tony Valenzuela
|
|
Batting: RHB Armando Ramirez
|
0-0: Called Strike 0-1: Ball 1-1: Called Strike 1-2: Strikes out swinging
|
|
Batting: RHB Diego Martinez
|
0-0: Called Strike 0-1: Ball 1-1: Ball 2-1: Ball 3-1: Called Strike 3-2: DOUBLE (Flyball, 9LD, EV 91.3 MPH)
|
|
Batting: SHB Stephen Moore
|
0-0: Ball 1-0: Ball 2-0: Called Strike 2-1: Foul Ball, location: 2F 2-2: Foul Ball, location: 2F 2-2: Ball 3-2: Base on Balls
|
|
Batting: RHB Alejandro Luna
|
0-0: Fielders Choice at 2nd, 6-4 (Groundball, 6, EV 86.9 MPH) Diego Martinez to third
|
|
Batting: LHB Bob Porter
|
0-0: Ball 1-0: Foul Ball, location: 2F 1-1: Ball 2-1: SINGLE (Groundball, 4MD, EV 98.8 MPH) Diego Martinez scores Alejandro Luna to second
|
|
Batting: RHB Thomas Masterson
|
0-0: Called Strike 0-1: Ball 1-1: Foul Ball, location: 2F 1-2: Ball 2-2: Foul Ball, location: 2F 2-2: Strikes out swinging
|
| Bottom of the 3rd over - 1 run, 2 hits, 0 errors, 2 left on base; Watertown 12 - Aberdeen 2 |
| TOP OF THE 4TH |
|
Watertown Bucks batting - Pitching for Aberdeen Pheasants : RHP Ernesto Borbon
|
|
Batting: LHB Manuel Vigil
|
0-0: Foul Ball, location: 2F 0-1: Called Strike 0-2: Foul Ball, location: 2F 0-2: Ball 1-2: Ground out 4-3 (Groundball, 4, EV 85.0 MPH)
|
|
Batting: RHB Richard Plautz
|
0-0: Fly out, F1 (Line Drive, P, EV 71.9 MPH)
|
|
Batting: RHB Randy Hunt
|
0-0: Called Strike
|
|
|
|
|
|
0-1: Called Strike 0-2: Foul Ball, location: 2F 0-2: Ball 1-2: Ball 2-2: Foul Ball, location: 2F 2-2: Strikes out looking
|
| Top of the 4th over - 0 runs, 0 hits, 0 errors, 0 left on base; Watertown 12 - Aberdeen 2 |
| BOTTOM OF THE 4TH |
|
Aberdeen Pheasants batting - Pitching for Watertown Bucks : RHP Tony Valenzuela
|
|
Batting: LHB Tim Thompson
|
0-0: Ball 1-0: Ball 2-0: Ball 3-0: Called Strike 3-1: Swinging Strike 3-2: Base on Balls
|
|
Batting: LHB Robert McNair
|
0-0: Ball 1-0: Called Strike 1-1: Called Strike 1-2: Ground out 4-3 (Groundball, 4S, EV 64.4 MPH) Tim Thompson to second
|
|
Batting: RHB Pedro Chavez
|
0-0: Foul Ball, location: 2F 0-1: Ball 1-1: Ball 2-1: Ground out 5-3 (Groundball, 56, EV 101.9 MPH)
|
|
Batting: RHB Armando Ramirez
|
0-0: Ball 1-0: Swinging Strike 1-1: Ball 2-1: SINGLE (Line Drive, 56D, EV 98.1 MPH) Tim Thompson to third Runner from 3rd tries for Home, SAFE, throw by LF to home
|
|
Batting: RHB Diego Martinez
|
0-0: Ball 1-0: Ball Armando Ramirez steals 2nd base (no throw) 2-0: Swinging Strike 2-1: SINGLE (Line Drive, 4D, EV 107.5 MPH) Armando Ramirez to third Runner from 3rd tries for Home, SAFE, throw by RF to home
|
|
Batting: SHB Stephen Moore
|
0-0: Called Strike 0-1: Ball 1-1: Ball 2-1: Ball 3-1: Base on Balls Diego Martinez to second
|
|
Batting: RHB Alejandro Luna
|
0-0: Called Strike 0-1: Fielders Choice at 2nd, 5-4 (Groundball, 56, EV 81.3 MPH)
|
| Bottom of the 4th over - 2 runs, 2 hits, 0 errors, 2 left on base; Watertown 12 - Aberdeen 4 |
| TOP OF THE 5TH |
|
Watertown Bucks batting - Pitching for Aberdeen Pheasants : RHP Ernesto Borbon
|
|
Batting: LHB Greg Guin
|
0-0: Foul Ball, location: 2F 0-1: Foul Ball, location: 2F 0-2: Ball 1-2: Ball 2-2: Ball 3-2: Foul Ball, location: 2F 3-2: Base on Balls
|
|
Batting: RHB Eugene Cattane
|
0-0: Ball 1-0: Called Strike 1-1: Called Strike 1-2: Fly out, F3 (Line Drive, 3, EV 66.3 MPH)
|
|
Pitching: RHP John Altman
|
|
|
Batting: SHB Bruce Hines
|
0-0: Called Strike 0-1: Ball 1-1: Ball 2-1: Ball 3-1: Foul Ball, location: 2F 3-2: Strikes out swinging
|
|
Batting: RHB Bob Volk
|
0-0: Swinging Strike 0-1: Ball 1-1: Ball 2-1: Foul Ball, location: 2F 2-2: Strikes out swinging
|
| Top of the 5th over - 0 runs, 0 hits, 0 errors, 1 left on base; Watertown 12 - Aberdeen 4 |
| BOTTOM OF THE 5TH |
|
Aberdeen Pheasants batting - Pitching for Watertown Bucks : RHP Tony Valenzuela
|
|
Batting: LHB Bob Porter
|
0-0: Ball 1-0: Ball 2-0: Ball 3-0: Base on Balls
|
|
Batting: RHB Thomas Masterson
|
0-0: Swinging Strike 0-1: Swinging Strike 0-2: Strikes out swinging
|
|
Batting: LHB Tim Thompson
|
0-0: Ball Bob Porter steals 2nd base 1-0: Swinging Strike 1-1: Foul Ball, location: 2F 1-2: Strikes out swinging
|
|
Batting: LHB Robert McNair
|
0-0: Ball 1-0: Called Strike 1-1: Swinging Strike 1-2: Foul Ball, location: 2F 1-2: Fly out, F9 (Flyball, 89D, EV 111.9 MPH)
|
| Bottom of the 5th over - 0 runs, 0 hits, 0 errors, 1 left on base; Watertown 12 - Aberdeen 4 |
| TOP OF THE 6TH |
|
Watertown Bucks batting - Pitching for Aberdeen Pheasants : RHP John Altman
|
|
Batting: SHB Luis Rivera
|
0-0: Fly out, F4 (Line Drive, 4, EV 66.3 MPH)
|
|
Batting: RHB Thomas Dimino
|
0-0: Ball 1-0: SINGLE (Groundball, 34D, EV 96.9 MPH)
|
|
Batting: LHB Manuel Vigil
|
0-0: Foul Ball, location: 2F 0-1: Reached on error, E3 (Groundball, 34, EV 83.1 MPH) Thomas Dimino to second
|
|
Batting: RHB Richard Plautz
|
0-0: Ball 1-0: Swinging Strike 1-1: Ball 2-1: Called Strike 2-2: Fly out, F6 (Flyball, 6D, EV 84.4 MPH)
|
|
Batting: RHB Randy Hunt
|
0-0: Fielders Choice at 2nd, 6-4 (Groundball, 6, EV 81.9 MPH)
|
| Top of the 6th over - 0 runs, 1 hit, 1 error, 2 left on base; Watertown 12 - Aberdeen 4 |
| BOTTOM OF THE 6TH |
|
Aberdeen Pheasants batting - Pitching for Watertown Bucks : RHP Tony Valenzuela
|
|
Batting: RHB Pedro Chavez
|
0-0: Ball 1-0: Ball 2-0: Called Strike 2-1: Ground out 2-3 (Groundball, 2L, EV 73.1 MPH)
|
|
Batting: RHB Armando Ramirez
|
0-0: Ball 1-0: Fly out, F8 (Flyball, 8LS, EV 81.3 MPH)
|
|
Batting: RHB Diego Martinez
|
0-0: Called Strike 0-1: Called Strike 0-2: Fly out, F8 (Line Drive, 8RM, EV 93.8 MPH)
|
| Bottom of the 6th over - 0 runs, 0 hits, 0 errors, 0 left on base; Watertown 12 - Aberdeen 4 |
| TOP OF THE 7TH |
|
Watertown Bucks batting - Pitching for Aberdeen Pheasants : RHP John Altman
|
|
Batting: LHB Greg Guin
|
0-0: Ball 1-0: Foul Ball, location: 2F 1-1: Ball 2-1: Foul Ball, location: 2F 2-2: Fly out, F5 (Popup, 5F, EV 77.5 MPH)
|
|
Pinch Hitting: LHB Carl Spikes
|
0-0: Called Strike 0-1: Ball 1-1: Called Strike 1-2: Ball 2-2: Foul Ball, location: 2F 2-2: Ball 3-2: Base on Balls
|
|
Pitching: LHP Juan Contreras
|
|
|
Batting: SHB Bruce Hines
|
0-0: Foul Ball, location: 2F 0-1: Swinging Strike 0-2: Ball 1-2: Foul Ball, location: 2F 1-2: Ball 2-2: Strikes out looking
|
|
Pinch Hitting: SHB Marvin Clack
|
0-0: Called Strike 0-1: Swinging Strike 0-2: Strikes out swinging
|
| Top of the 7th over - 0 runs, 0 hits, 0 errors, 1 left on base; Watertown 12 - Aberdeen 4 |
| BOTTOM OF THE 7TH |
|
Aberdeen Pheasants batting - Pitching for Watertown Bucks : RHP Tony Valenzuela
|
|
Now at 3B: Marvin Clack
|
|
|
Now in RF: Carl Spikes
|
|
|
Batting: SHB Stephen Moore
|
0-0: Ball 1-0: Fly out, F6 (Popup, 4MD, EV 58.1 MPH)
|
|
Batting: RHB Alejandro Luna
|
0-0: Foul Ball, location: 2F 0-1: Ball 1-1: Called Strike 1-2: Ball 2-2: Strikes out swinging
|
|
Batting: LHB Bob Porter
|
0-0: Foul Ball, location: 2F 0-1: Foul Ball, location: 2F 0-2: Reached on error, E3 (Flyball, 3D, EV 85.6 MPH)
|
|
Pitching: RHP Leonardo Ortiz
|
|
|
Batting: RHB Thomas Masterson
|
0-0: Ball Bob Porter steals 2nd base 1-0: Ground out 6-3 (Groundball, 6, EV 91.3 MPH)
|
| Bottom of the 7th over - 0 runs, 0 hits, 1 error, 1 left on base; Watertown 12 - Aberdeen 4 |
| TOP OF THE 8TH |
|
Watertown Bucks batting - Pitching for Aberdeen Pheasants : LHP Juan Contreras
|
|
Batting: SHB Luis Rivera
|
0-0: Called Strike 0-1: Ball 1-1: Called Strike 1-2: Ball 2-2: Ball 3-2: Foul Ball, location: 2F 3-2: Strikes out swinging
|
|
Batting: RHB Thomas Dimino
|
0-0: Ball 1-0: Called Strike 1-1: Called Strike 1-2: Foul Ball, location: 2F 1-2: Strikes out swinging
|
|
Batting: LHB Manuel Vigil
|
0-0: Called Strike 0-1: Called Strike 0-2: Strikes out looking
|
| Top of the 8th over - 0 runs, 0 hits, 0 errors, 0 left on base; Watertown 12 - Aberdeen 4 |
| BOTTOM OF THE 8TH |
|
Aberdeen Pheasants batting - Pitching for Watertown Bucks : RHP Leonardo Ortiz
|
|
Batting: LHB Tim Thompson
|
0-0: Called Strike 0-1: SINGLE (Line Drive, 9LS, EV 98.1 MPH)
|
|
Batting: LHB Robert McNair
|
0-0: Foul Ball, location: 2F 0-1: Ball 1-1: 2-RUN HOME RUN (Flyball, 9D, EV 101.3 MPH), Distance : 373 ft
|
|
Batting: RHB Pedro Chavez
|
0-0: Foul Ball, location: 2F 0-1: Fly out, F7 (Flyball, 7S, EV 91.3 MPH)
|
|
Batting: RHB Armando Ramirez
|
0-0: Ball 1-0: Called Strike 1-1: Ball 2-1: Foul Ball, location: 2F 2-2: Foul Ball, location: 2F 2-2: Foul Ball, location: 2F 2-2: Fly out, F7 (Flyball, 7S, EV 94.4 MPH)
|
|
Batting: RHB Diego Martinez
|
0-0: Called Strike 0-1: Ball 1-1: Foul Ball, location: 2F 1-2: Ball 2-2: Foul Ball, location: 2F 2-2: Ball 3-2: Foul Ball, location: 2F 3-2: Fly out, F5 (Popup, 25F, EV 83.1 MPH)
|
| Bottom of the 8th over - 2 runs, 2 hits, 0 errors, 0 left on base; Watertown 12 - Aberdeen 6 |
| TOP OF THE 9TH |
|
Watertown Bucks batting - Pitching for Aberdeen Pheasants : LHP Juan Contreras
|
|
Batting: RHB Richard Plautz
|
0-0: Ball 1-0: Ball 2-0: Ball 3-0: Called Strike 3-1: Foul Ball, location: 2F 3-2: Strikes out swinging
|
|
Batting: RHB Randy Hunt
|
0-0: Ball 1-0: Ball 2-0: SINGLE (Line Drive, 7LS, EV 98.8 MPH)
|
|
Batting: LHB Greg Guin
|
0-0: 2-RUN HOME RUN (Flyball, 89XD, EV 96.9 MPH), Distance : 414 ft
|
|
Batting: LHB Carl Spikes
|
0-0: Called Strike 0-1: Ball 1-1: Fly out, F8 (Flyball, 8RD, EV 93.8 MPH)
|
|
Batting: SHB Bruce Hines
|
0-0: Ball 1-0: Ball 2-0: Called Strike 2-1: Foul Ball, location: 2F 2-2: Strikes out swinging
|
| Top of the 9th over - 2 runs, 2 hits, 0 errors, 0 left on base; Watertown 14 - Aberdeen 6 |
| BOTTOM OF THE 9TH |
|
Aberdeen Pheasants batting - Pitching for Watertown Bucks : RHP Leonardo Ortiz
|
|
Batting: SHB Stephen Moore
|
0-0: Called Strike 0-1: Fly out, F7 (Line Drive, 7, EV 92.5 MPH)
|
|
Batting: RHB Alejandro Luna
|
0-0: Ball 1-0: Fly out, F8 (Flyball, 78M, EV 83.1 MPH)
|
|
Batting: LHB Bob Porter
|
0-0: Ball 1-0: Foul Ball, location: 2F 1-1: Foul Ball, location: 2F 1-2: SINGLE (Groundball, 25, EV 72.5 MPH) (infield hit)
|
|
Batting: RHB Thomas Masterson
|
0-0: Ball 1-0: Swinging Strike 1-1: Fly out, F6 (Popup, 56D, EV 67.5 MPH)
|
| Bottom of the 9th over - 0 runs, 1 hit, 0 errors, 1 left on base; Watertown 14 - Aberdeen 6 |
 |
|
Thursday, July 23rd, 2020 - OOTP Baseball 21.5 Build 71
|
|